 Dungeon Sprint DCSS version 0.22-a0-362-g535178c (webtiles) character file.

473 FredericMitz the Protected (level 6, -5/62 HPs)
             Began as a Minotaur Fighter on Apr 19, 2018.
             Was an Initiate of Makhleb.
             Shot with an arrow by a centaur warrior (12 damage)
             ... in the Dungeon (Sprint I: "Red Sonja").
             The game lasted 00:04:09 (267 turns).

FredericMitz the Protected (Minotaur Fighter)        Turns: 267, Time: 00:04:11

Health: -5/62      AC:  8    Str: 21    XL:     6   Next: 84%
Magic:  5/5        EV: 12    Int:  5    God:    Makhleb [......]
Gold:   313        SH: 11    Dex: 11    Spells: 5/5 levels left

rFire    . . .     SeeInvis .   a - +0 war axe
rCold    . . .     Gourm    .   c - +0 shield
rNeg     . . .     Faith    .   b - +0 scale mail
rPois    .         Spirit   .   (helmet restricted)
rElec    .         Reflect  .   (no cloak)
rCorr    .         Harm     .   (no gloves)
MR       .....     NoTele   +   (no boots)
Stlth    ..........             (no amulet)
HPRegen  0.20/turn              d - ring of loudness (curse)
MPRegen  0.09/turn              (no ring)

@: no status effects
A: retaliatory headbutt, horns 2
a: Renounce Religion


You were in the Dungeon.
You worshipped Makhleb.
Makhleb was noncommittal.
You were not hungry.

You visited 1 branch You collected 313 gold pieces.

Inventory:

Hand Weapons
 a - a +0 war axe (weapon)
Armour
 b - a +0 scale mail (worn)
 c - a +0 shield (worn)
Jewellery
 d - a cursed ring of loudness (left hand)
Scrolls
 k - a scroll of blinking
Potions
 h - a potion of haste
 i - 2 potions of magic
 j - a potion of berserk rage
Comestibles
 f - a ration


   Skills:
 + Level 8.7 Fighting
 + Level 8.2 Axes
 + Level 8.7 Armour
 + Level 7.0 Dodging
 + Level 8.7 Shields


You had 5 spell levels left.
You didn't know any spells.

Dungeon Overview and Level Annotations

Branches:
Dungeon (1/1)

Altars:
Makhleb
Sif Muna
Vehumet
Wu Jian
Xom
Jiyva
Lugonu


Innate Abilities, Weirdness & Mutations

You reflexively headbutt those who attack you in melee.
You have a pair of horns on your head.


Message History

You hear a splash.
The centaur warrior shoots an arrow.
You block the arrow.
You hear a splash.
The centaur warrior shoots an arrow.
The arrow hits you!!
You hear a splash.
You see here 4 arrows.
The centaur warrior shoots an arrow.
The arrow hits you!!
* * * LOW HITPOINT WARNING * * *
You block the centaur warrior's attack.
You see here an arrow.
You feel much better.
The centaur warrior shoots an arrow.
The arrow closely misses you.
The centaur warrior hits you with a longbow.
You closely miss the centaur warrior. You headbutt the centaur warrior!
The centaur warrior is lightly wounded.
The centaur warrior shoots an arrow.
The arrow hits you!!
* * * LOW HITPOINT WARNING * * *
You block the centaur warrior's attack.
The centaur warrior shoots an arrow.
The arrow hits you!
You die...

################
#..)..#..'..#__#
').#..').#..'..+
#####+#####'#__####
# #..#...#.####§§#
# ####..##.#§§§§c#
# ##'#_.'≈§§§§+ #
+..._#≈§§@c# #
#_.#'##+#### ##+#.#
###


You could see 2 centaur warriors.

Vanquished Creatures
  A slime creature (D)
  Sigmund (D)
  An ogre (D)
  A jelly (D)
  Ijyb (D)
5 creatures vanquished.

Notes
Turn   | Place    | Note
-------+----------+-------------------------------------------
     0 | D        | FredericMitz the Minotaur Fighter began the quest for the Orb.
     0 | D        | Reached XP level 1. HP: 19/19 MP: 0/0
     2 | D        | Noticed Ijyb
    13 | D        | Killed Ijyb
    13 | D        | Reached XP level 2. HP: 28/28 MP: 1/1
    19 | D        | Noticed an ogre
    23 | D        | Killed an ogre
    23 | D        | Reached skill level 5 in Axes
    23 | D        | Reached XP level 3. HP: 37/37 MP: 2/2
    23 | D        | Reached XP level 4. HP: 44/44 MP: 3/3
    36 | D        | Noticed Sigmund
    41 | D        | Killed Sigmund
    41 | D        | Reached skill level 5 in Dodging
    41 | D        | Reached XP level 5. HP: 35/52 MP: 4/4
    55 | D        | Found a burning altar of Makhleb.
    55 | D        | Found a viscous altar of Jiyva.
    55 | D        | Found a shimmering altar of Xom.
    55 | D        | Found a corrupted altar of Lugonu.
    55 | D        | Noticed a slime creature
    61 | D        | Killed a slime creature
    61 | D        | Reached XP level 6. HP: 27/62 MP: 5/5
    68 | D        | Became a worshipper of Makhleb the Destroyer
    73 | D        | Found an ornate altar of the Wu Jian Council.
    73 | D        | Found a deep blue altar of Sif Muna.
    75 | D        | Found a radiant altar of Vehumet.
   229 | D        | Noticed a centaur warrior
   263 | D        | Noticed a centaur warrior
   267 | D        | Shot with an arrow by a centaur warrior

Vault maps used:
D:        dungeon_sprint_1

Skill      XL: |  1  2  3  4  5  6 |
---------------+-------------------+-----
Fighting       | 4 6 7 8 |  8.7
Axes           | 3 5 7 8 |  8.2
Armour         | 4 6 7 8 |  8.7
Dodging        | 2 4 5 6 7 |  7.0
Shields        | 4 6 7 8 |  8.7

Action                   |  1- 3 |  4- 6 || total
-------------------------+-------+-------++-------
Melee: War axe           |    14 |    12 ||    26
       Headbutt          |     2 |     1 ||     3
  Use: Potion            |     1 |     2 ||     3
Armor: Scale mail        |     5 |     2 ||     7
Dodge: Dodged            |     2 |     5 ||     7
Block: Shield            |     9 |     5 ||    14

Table legend:
 A = Spawn XP
 B = Non-spawn XP
 C = Spawn XP percentage of total XP
 D = Spawn monster count
 E = Non-spawn monster count
 F = Spawn count percentage of total count
 G = Total turns spent on level
                    A         B        C        D         E        F      G
               +---------+---------+-------+---------+---------+-------+---------
         Total |       0 |     677 |   0.0 |       0 |       5 |   0.0 |   267
               +---------+---------+-------+---------+---------+-------+---------
             D |       0 |     677 |   0.0 |       0 |       5 |   0.0 |   267
               +---------+---------+-------+---------+---------+-------+---------
